 Dungeon Crawl Stone Soup version 0.29.1-1-gd02db6906a (webtiles) character file.

Game seed: 12448689961264893854

2646704 quakins the Conqueror (level 27, 174/174 HPs)
             Began as a Formicid Abyssal Knight on Oct 20, 2022.
             Was the Champion of Lugonu.
             Escaped with the Orb
             ... and 5 runes on Oct 21, 2022!
             The game lasted 05:09:41 (89403 turns).

quakins the Conqueror (Formicid Abyssal Knight)    Turns: 89403, Time: 05:09:42

Health: 174/174    AC: 44    Str: 32 (33) XL:     27
Magic:  27/27      EV: 13    Int: 10 (15) God:    Lugonu [******]
Gold:   3780       SH: 24    Dex: 16 (17) Spells: 26/26 levels left

rFire   + + .      SeeInvis +   N - +9 dire flail (distort)
rCold   + + .      Faith    .   z - +2 shield of Resistance {rF++ rC++ Will++}
rNeg    + + +      Spirit   .   k - +6 crystal plate armour
rPois   .          Reflect  +   (helmet unavailable)
rElec   +          Harm     .   T - +2 cloak
rCorr   .          Rampage  .   b - +2 pair of gloves
Will    ++++.                   X - +2 pair of boots
Stlth   ..........              C - amulet of reflection
HPRegen 0.39/turn               D - ring "Bedeat" {Contam rElec rN+++ Str+6 Dex+3}
MPRegen 0.20/turn               J - +6 ring of intelligence

@: studying 3 skills
A: permanent stasis, dig shafts and tunnels, antennae 3, four strong arms, claws
1, iridescent scales 1, camouflage 1, deformed body, deterioration 2, dopey 1,
frail 3, low MP 3, sense surroundings 1, screaming 1, weak 2, subdued magic 1,
inability to read after injury 1, MP-powered wands
0: Orb of Zot
}: 5/15 runes: decaying, slimy, silver, abyssal, gossamer
a: Dig, Shaft Self, Renounce Religion, Depart the Abyss, Bend Space, Banish,
Corrupt, Enter the Abyss


You escaped.
You worshipped Lugonu.
Lugonu was exalted by your worship.
You visited 10 branches of the dungeon, and saw 52 of its levels.
You visited the Abyss 5 times.
You visited 1 bazaar.
You also visited: Trove and Bailey.

You collected 6284 gold pieces.
You spent 2504 gold pieces at shops.

Inventory:

Hand Weapons
 N - a +9 dire flail of distortion (weapon)
Missiles
 e - 58 poisoned darts (quivered)
 n - 3 throwing nets
Armour
 b - a +2 pair of gloves (worn)
 k - a +6 crystal plate armour (worn)
 z - the +2 shield of Resistance (worn) {rF++ rC++ Will++}
   (You bought it in a shop on level 9 of the Dungeon)

   rF:        It greatly protects you from fire.
   rC:        It greatly protects you from cold.
   Will:      It greatly increases your willpower.
 T - a +2 cloak (worn)
 X - a +2 pair of boots (worn)
Jewellery
 t - the ring of the Tortoise {AC+8}
   (You found it on level 5 of the Pits of Slime)

   [ring of protection]

   AC:        It affects your AC (+8).
 A - a ring of protection from cold
 C - an amulet of reflection (around neck)
 D - the ring "Bedeat" (left hand) {Contam rElec rN+++ Str+6 Dex+3}
   (You found it on level 5 of the Pits of Slime)

   [ring of strength]

   Str:       It affects your strength (+6).
   Dex:       It affects your dexterity (+3).
   rElec:     It insulates you from electricity.
   rN:        It renders you almost immune to negative energy.
   Contam:    It causes magical contamination when unequipped.
 E - a ring of flight
 J - a +6 ring of intelligence (right hand)
 K - a ring of resist corrosion
 U - a ring of protection from cold
 Z - a ring of poison resistance
Wands
 i - a wand of flame (49)
 o - a wand of iceblast (40)
 H - a wand of polymorph (43)
 I - a wand of mindburst (45)
 O - a wand of digging (25)
 Q - a wand of quicksilver (14)
 R - a wand of paralysis (38)
Scrolls
 a - 5 scrolls of poison
 c - 8 scrolls of torment
 m - 6 scrolls of enchant weapon
 v - 12 scrolls of butterflies
 y - 9 scrolls of immolation
 B - a scroll of brand weapon
 F - 7 scrolls of magic mapping
 G - 6 scrolls of silence
 V - 8 scrolls of amnesia
Potions
 d - 12 potions of lignification
 f - 9 potions of ambrosia
 h - 30 potions of curing
 j - 7 potions of invisibility
 p - 7 potions of cancellation
 q - 7 potions of brilliance
 x - 13 potions of might
 L - a potion of heal wounds
 M - 2 potions of magic
Miscellaneous
 g - a lightning rod (4/4)
 l - a phantom mirror
 r - a tin of tremorstones (2/2)
 u - a box of beasts
 w - a phial of floods
 P - a condenser vane


   Skills:
 O Level 27 Fighting
 - Level 14.0 Maces & Flails
 - Level 10.0 Throwing
 O Level 27 Armour
 - Level 10.0 Dodging
 - Level 24.0 Shields
 + Level 23.9 Invocations
 - Level 15.0 Evocations


You had 26 spell levels left.
You didn't know any spells.
Your spell library contained the following spells:

 Spells                   Type           Power      Damage    Failure   Level
 Beastly Appendage        Tmut           0%         N/A       88%         1
 Magic Dart               Conj           0%         1d3       88%         1
 Necrotise                Necr           0%         1d4       88%         1
 Sandblast                Erth           0%         2d4       88%         1
 Slow                     Hex            0%         N/A       88%         1
 Sting                    Tmut/Pois      0%         1d3       88%         1
 Summon Small Mammal      Summ           0%         N/A       88%         1
 Passwall                 Tmut/Erth      0%         N/A       96%         2
 Poisonous Vapours        Pois/Air       0%         N/A       96%         2
 Searing Ray              Conj           0%         2d4       96%         2
 Static Discharge         Conj/Air       0%         3-3/arc   96%         2
 Sublimation of Blood     Necr           0%         N/A       96%         2
 Wereblood                Tmut           0%         N/A       96%         2
 Call Canine Familiar     Summ           0%         N/A       99%         3
 Confusing Touch          Hex            0%         N/A       99%         3
 Conjure Flame            Conj/Fire      0%         6-21      99%         3
 Dazzling Flash           Conj/Hex       0%         N/A       99%         3
 Gell's Gravitas          Tloc           0%         N/A       99%         3
 Ignite Poison            Fire/Tmut/Pois 0%         N/A       99%         3
 Lesser Beckoning         Tloc           0%         N/A       99%         3
 Ozocubu's Armour         Ice            0%         N/A       99%         3
 Portal Projectile        Hex/Tloc       0%         N/A       99%         3
 Spider Form              Tmut/Pois      0%         N/A       99%         3
 Stone Arrow              Conj/Erth      0%         3d7       99%         3
 Summon Guardian Golem    Hex/Summ       0%         N/A       99%         3
 Teleport Other           Tloc           0%         N/A       99%         3
 Tukima's Dance           Hex            0%         N/A       99%         3
 Vampiric Draining        Necr           0%         2d6       99%         3
 Anguish                  Hex/Necr       0%         N/A       100%        4
 Animate Dead             Necr           0%         N/A       100%        4
 Fulminant Prism          Conj/Hex       0%         3d6       100%        4
 Hailstorm                Conj/Ice       0%         3d3       100%        4
 Ice Form                 Ice/Tmut       0%         N/A       100%        4
 Iskenderun's Mystic Bla  Conj/Tloc      0%         2d3       100%        4
 Leda's Liquefaction      Hex/Erth       0%         N/A       100%        4
 Olgreb's Toxic Radiance  Pois           0%         N/A       100%        4
 Passage of Golubria      Tloc           0%         N/A       100%        4
 Sticky Flame             Conj/Fire      0%         2d3       100%        4
 Agony                    Necr           0%         N/A       100%        5
 Alistair's Intoxication  Tmut/Pois      0%         N/A       100%        5
 Borgnjor's Vile Clutch   Necr/Erth      0%         N/A       100%        5
 Freezing Cloud           Conj/Ice/Air   0%         6-21      100%        5
 Lee's Rapid Deconstruct  Erth           0%         3d5*      100%        5
 Lightning Bolt           Conj/Air       0%         1d11      100%        5
 Manifold Assault         Tloc           0%         N/A       100%        5
 Metabolic Englaciation   Hex/Ice        0%         N/A       100%        5
 Summon Forest            Summ/Tloc      0%         N/A       100%        5
 Summon Mana Viper        Hex/Summ       0%         N/A       100%        5
 Yara's Violent Unravell  Hex/Tmut       0%         3d3       100%        5
 Conjure Ball Lightning   Conj/Air       0%         3x3d6     100%        6
 Death Channel            Necr           0%         N/A       100%        6
 Eringya's Noxious Bog    Tmut/Pois      0%         N/A       100%        6
 Simulacrum               Ice/Necr       0%         N/A       100%        6
 Starburst                Conj/Fire      0%         6d3       100%        6
 Summon Cactus Giant      Summ           0%         N/A       100%        6
 Enfeeble                 Hex            0%         N/A       100%        7
 Orb of Destruction       Conj           0%         9d5       100%        7
 Ozocubu's Refrigeration  Ice            0%         4d7       100%        7
 Spellforged Servitor     Conj/Summ      0%         N/A       100%        7
 Storm Form               Tmut/Air       0%         N/A       100%        7
 Summon Hydra             Summ           0%         N/A       100%        7
 Borgnjor's Revivificati  Necr           0%         N/A       100%        8
 Discord                  Hex            0%         N/A       100%        8
 Disjunction              Tloc           0%         N/A       100%        8
 Ignition                 Fire           0%         3d3       100%        8
 Maxwell's Capacitive Co  Air            0%         ∞         100%        8
 Necromutation            Tmut/Necr      0%         N/A       100%        8
 Death's Door             Necr           0%         N/A       100%        9
 Polar Vortex             Ice            0%         N/A       100%        9
 Blink                    Tloc           Unusable   N/A       N/A         2

Dungeon Overview and Level Annotations

Branches:
Dungeon (15/15)            Temple (0/1) D:5            Lair (5/5) D:11
  Swamp (4/4) Lair:3       Spider (4/4) Lair:2        Slime (5/5) Lair:4
    Orc (2/2) D:11            Elf (3/3) Orc:2        Vaults (5/5) D:14
  Crypt (0/3) Vaults:3     Depths (4/4) D:15            Zot (5/5) Depths:4
 Bailey (visited)

Altars:
Gozag
Hepliaklqana
Kikubaaqudgha
Nemelex Xobeh
Qazlal
Ru
Uskayaw
Vehumet
Xom
Yredelemnul
The Shining One
Jiyva

Shops:
D:9 [   Orc:1 *   Orc:2 ?=(*   Elf:1 *   Vaults:1 [

Portals:
Hell: Depths:1 Depths:2 Depths:3 Depths:4
Abyss: Depths:3
Pandemonium: Depths:2 Depths:3
Ziggurat: Depths:2

Annotations:
D:2 exclusion: 2 ogres
Lair:4 corrupted
Swamp:3 corrupted
Spider:3 corrupted
Spider:4 corrupted
Elf:3 corrupted
Vaults:5 corrupted
Zot:2 corrupted
Abyss:1 Dissolution, Fannar


Innate Abilities, Weirdness & Mutations

You cannot be hasted, slowed, berserked, paralysed or teleported.
You can dig through walls and to a lower floor.
You have a pair of large antennae on your head. (SInv)
Your four strong arms can wield two-handed weapons with a shield.
You have sharp fingernails.
You are partially covered in iridescent scales. (AC +2)
Your skin changes colour to match your surroundings (Stealth+).
Armour fits poorly on your strangely shaped body.
Your body often deteriorates upon taking damage.
You are dopey. (Int -2)
You are extremely frail. (-30% HP)
Your magical capacity is extremely low. (-30% MP)
You passively map a small area around you.
You occasionally shout uncontrollably at your foes.
You are very weak. (Str -4)
Your spells are a little easier to cast, but a little less powerful.
You occasionally lose the ability to read scrolls when taking damage.
You expend magic power (3 MP) to strengthen your wands.


Message History

The angel is heavily wounded.
You block the angel's attack. The angel barely misses you.
You block the angel's attack. x2
You bludgeon the angel!!
Space warps around the angel.
The angel is severely wounded.
You closely miss the angel.
The angel is severely wounded.
The angel gestures.
The angel is healed somewhat.
You bludgeon the angel!!
Space warps around the angel.
The angel is almost dead.
The angel gestures.
The angel is healed somewhat.
You closely miss the angel.
The angel is almost dead.
The angel gestures.
The angel is healed somewhat.
You closely miss the angel.
The angel is severely wounded.
You block the angel's attack. x2
You hit the angel.
Space warps horribly around the angel!
The angel is almost dead.
The angel hits you with a +2 whip of holy wrath.
You block the angel's attack.
You puncture the angel!
You kill the angel!
Lugonu accepts your kill.
You feel your dexterity returning.
(D) Dungeon (T) Temple (L) Lair (S) Swamp (N) Spider Nest (M) Slime Pits (O) Orcish Mines (E) Elven Halls (V) Vaults (C) Crypt (U) Depths (H) Hell (Z) Zot
Where to? (Enter - D:1 @ (x,y), ? - help)
Okay, then.
HP restored.
You see here a +0 ring mail.
There is an open door here.
You see here a +0 short sword.
There is a staircase leading out of the dungeon here.
You have escaped!

###
###@###
#>#.#.#
#♣.....♣
#~♣...♣≈#
#≈~♣.♣≈≈#
#≈≈♣.♣≈≈#
##≈♣.♣≈##
#####
###)#####
#...#
#.....#
#...#


There were no monsters in sight!

Vanquished Creatures
  3 dread liches
  4 ancient liches
  5 orbs of fire
  Josephina (Zot:3)
  A Killer Klown (Zot:5)
  A shard shrike (Zot:4)
  Parghit (Zot:3)
  Vv (Depths:4)
  10 golden dragons
  7 electric golems
  7 tentacled monstrosities
  26 Orb Guardians
  4 liches
  3 deep elf blademasters
  Asterion (Spider:3)
  5 titans
  2 deep elf master archers (Elf:3)
  23 acid blobs
  3 sphinxes
  7 quicksilver dragons
  7 death cobs
  5 tengu reavers
  A thorn hunter (Swamp:4)
  Kirke (Spider:2)
  Donald (Spider:4)
  9 azure jellies
  10 storm dragons
  3 shadow dragons
  A draconian knight (Zot:4)
  5 rockslimes
  3 fire giants
  A draconian monk (Depths:4)
  An orc warlord (Vaults:3)
  3 deep elf sorcerers
  6 frost giants
  3 emperor scorpions (Spider:4)
  8 ghost moths
  14 vault wardens
  An iron dragon (Zot:2)
  3 draconian scorchers
  Aizul (Swamp:2)
  2 deep elf elementalists (Elf:3)
  A ghoul (Lair:3)
  7 draconian shifters
  An angel (D:1)
  Louise (Spider:1)
  A draconian stormcaller (Zot:3)
  8 very ugly things
  2 draconian annihilators
  8 stone giants
  An ironbound thunderhulk (Vaults:3)
  6 quicksilver oozes
  9 green draconians
  20 ironbound preservers
  7 deep elf annihilators
  9 black draconians
  2 bunyips
  11 white draconians
  4 entropy weavers
  7 deep elf demonologists
  A lorocyproca (Depths:3)
  12 red draconians
  3 dire elephants
  4 yellow draconians
  4 eleionomae
  11 purple draconians
  9 spark wasps
  9 ettins
  9 deep elf death magi
  A ragged hierophant (Vaults:2)
  4 fire dragons
  2 merfolk impalers (Depths:3)
  A merfolk javelineer (Depths:1)
  11 great orbs of eyes
  5 ice dragons
  5 deep elf high priests
  9 yaktaur captains
  A peacekeeper (Vaults:4)
  15 vault guards
  14 boulder beetles
  5 ogre magi
  A hell beast (Depths:2)
  2 ghost crabs
  2 spriggan air magi
  A rakshasa (Abyss:4)
  A jorogumo (Spider:2)
  15 hydras
  12 ironbound frosthearts
  4 radroaches
  23 centaur warriors
  9 two-headed ogres
  A vampire mage (Vaults:3)
  8 death yaks
  4 tengu warriors
  A catoblepas (Lair:5)
  5 alligators
  6 deep troll shamans
  A thrashing horror (Abyss:1)
  25 dancing weapons
  An orc high priest (Elf:2)
  2 deep troll earth magi
  A soul eater (Depths:2)
  4 spriggan berserkers
  Nergalle (D:12)
  A sun demon (Depths:2)
  12 spriggans
  21 deep elf knights
  A shock serpent (shapeshifter) (Vaults:5)
  A golden dragon zombie (D:15)
  7 hell knights
  A pharaoh ant (Spider:3)
  A sixfirhy (Depths:3)
  8 iron trolls
  2 shadow wraiths (Depths:3)
  5 goliath frogs
  10 steelbarb worms
  2 sun moths (Spider:4)
  A death drake (Swamp:3)
  A spark wasp zombie (Depths:1)
  3 glowing orange brains
  9 orb spiders
  14 deep elf archers
  5 spriggan druids
  4 swamp dragons
  3 bog bodies
  17 ironbound convokers
  5 lindwurms
  7 necromancers
  76 deep trolls
  4 flayed ghosts
  10 wizards
  33 deep elf zephyrmancers
  8 harpies
  21 deep elf pyromancers
  Pikel (D:4)
  A wolf spider (shapeshifter) (Depths:1)
  7 orc knights
  12 wolf spiders
  8 manticores
  5 phantasmal warriors (Depths:3)
  2 oklob plants (Lair:4)
  2 orc sorcerers
  32 moths of wrath
  2 tengu skeletons (Depths:1)
  27 ugly things
  A mana viper (shapeshifter) (Vaults:4)
  A cyclops (shapeshifter) (Vaults:5)
  8 shining eyes
  12 elephants
  12 cyclopes
  2 worldbinders (Abyss:4)
  2 will-o-the-wisps
  A black mamba (shapeshifter) (Vaults:5)
  2 rust devils
  3 eyes of devastation
  7 black mambas
  A storm dragon simulacrum (Zot:3)
  A frost giant skeleton (D:15)
  A gargoyle (D:11)
  A water nymph (Abyss:4)
  4 torpor snails
  2 hellions
  An orange demon (Depths:3)
  16 cane toads
  A spriggan zombie (Depths:1)
  13 vault sentinels
  4 komodo dragons
  14 demonic crawlers
  A kobold demonologist (D:10)
  47 yaktaurs
  A golden dragon simulacrum (Zot:3)
  7 freezing wraiths
  3 efreet
  A queen bee (shapeshifter) (Depths:4)
  A tengu conjurer (Depths:3)
  A troll (shapeshifter) (D:12)
  2 ice devils (Depths:3)
  11 trolls
  3 polar bears
  Prince Ribbit (D:6)
  A queen bee (Lair:2)
  4 tyrant leeches
  19 tarantellas
  7 hornets
  Grinder (D:3)
  12 blink frogs
  3 meliai (D:13)
  2 saltlings (Vaults:2)
  95 slime creatures
  A jumping spider (shapeshifter) (D:15)
  5 dream sheep (Lair:4)
  An ettin skeleton (D:15)
  10 jumping spiders
  2 centaur simulacra (D:15)
  A ynoxinul (Depths:2)
  10 culicivoras
  3 air elementals
  7 humans (D:14)
  6 wyverns
  4 fire bats (Abyss:4)
  2 shadows (D:12)
  Grum (D:8)
  A vampire (Abyss:1)
  4 basilisks
  4 hogs (Spider:2)
  4 wraiths
  43 yaks
  The ghost of TheGhostDragon952 the Chopper, an amateur MiBe of Trog (D:4)
  A human (shapeshifter) (D:15)
  14 water elementals
  7 vampire mosquitoes
  Eustachio (D:5)
  24 golden eyes
  36 redbacks
  3 chaos spawn
  3 neqoxecs
  5 swamp worm simulacra (Swamp:4)
  2 steam dragons
  3 fire elementals
  A redback (shapeshifter) (D:14)
  A spriggan simulacrum (Depths:1)
  4 wargs
  Edmund (D:4)
  17 swamp worms
  An acid dragon (D:12)
  2 floating eyes
  3 large abominations
  13 water moccasins
  Duvessa (D:4)
  13 hydra simulacra
  2 swamp drakes
  36 orc warriors
  A sky beast (D:7)
  3 black bears
  14 wolves
  8 centaurs
  A lemure (D:4)
  20 ogres
  4 phantoms
  Blork the orc (D:6)
  6 bullfrogs
  2 kobold brigands
  4 necrophages
  2 earth elementals
  5 gnoll sergeants
  6 scorpions
  13 wights
  Dowan (D:4)
  30 killer bees
  4 electric eels
  A vampire bat (Lair:4)
  2 jellies
  A lava snake (D:11)
  13 orc priests
  Crazy Yiuf (D:6)
  A gnoll bouda (D:8)
  4 hounds
  A jelly (shapeshifter) (Elf:3)
  An iron imp (Abyss:1)
  6 iguanas
  3 small abominations
  34 orc wizards
  5 hell rats
  9 adders
  37 gnolls
  3 river rats (Lair:2)
  A shadow imp (D:5)
  2 white imps
  3 swamp drake simulacra (Swamp:4)
  2 ufetubi (D:5)
  6 worms
  A worm (shapeshifter) (Depths:1)
  2 dart slugs (D:1)
  97 orcs
  6 ball pythons
  5 endoplasms
  A giant cockroach (D:2)
  7 goblins
  9 hobgoblins
  5 jackals
  12 kobolds
  3 quokkas
  11 bats
  2 frilled lizards
  3 rats
  A fungus (Elf:3)
  A starspawn tentacle (Abyss:4)
2030 creatures vanquished.

Vanquished Creatures (collateral kills)
  the Royal Jelly (Slime:5)
  2 azure jellies (Slime:4)
  2 rockslimes (Slime:4)
  A red draconian (Zot:4)
  An ice dragon (Depths:4)
  A bog body (Swamp:3)
  A starspawn tentacle (Swamp:3)
9 creatures vanquished.

Vanquished Creatures (others)
  Nikola (Spider:4)
  A golden dragon (Zot:2)
  A sphinx (Vaults:5)
  A quicksilver dragon (Vaults:5)
  A tengu reaver (Vaults:5)
  A storm dragon (Zot:2)
  A shadow dragon (Vaults:5)
  A fire giant (Depths:3)
  3 vault wardens (Vaults:5)
  4 emperor scorpions
  2 draconian scorchers
  3 ghost moths
  A draconian shifter (Zot:2)
  An iron dragon (Vaults:5)
  A draconian stormcaller (Zot:2)
  A war gargoyle (Vaults:5)
  A broodmother (Spider:3)
  A vampire knight (Depths:1)
  A white draconian (Zot:4)
  3 yellow draconians (Zot:2)
  An entropy weaver (Spider:3)
  2 bunyips (Swamp:3)
  Snorg (Lair:4)
  3 ettins (Vaults:5)
  A deep elf high priest (Vaults:5)
  7 vault guards
  A yaktaur captain (Vaults:5)
  A jorogumo (Spider:3)
  2 alligators (Swamp:3)
  A death scarab (Spider:3)
  A deep troll earth mage (Vaults:5)
  A deep elf knight (Elf:1)
  2 deep trolls (Vaults:5)
  An orb spider (Spider:4)
  A swamp dragon (Swamp:3)
  An orc knight (Vaults:5)
  A phantasmal warrior (Vaults:5)
  An ugly thing (Vaults:1)
  An oklob plant (Lair:4)
  3 deep elf pyromancers
  A will-o-the-wisp (Swamp:3)
  2 moths of wrath
  An elephant (Lair:4)
  2 vault sentinels (Vaults:5)
  A torpor snail (Spider:3)
  A cane toad (Lair:4)
  2 yaktaurs (Vaults:5)
  2 bloated husks
  A polar bear (Lair:4)
  A tarantella (Spider:3)
  A hornet (Swamp:3)
  A slime creature (D:15)
  A dream sheep (Lair:4)
  A draconian simulacrum (Zot:3)
  2 culicivoras
  3 jumping spiders
  A spriggan (Swamp:3)
  A yak (Lair:4)
  3 redbacks (Spider:4)
  2 vampire mosquitoes (Swamp:3)
  A warg (Elf:2)
  A swamp worm (Swamp:3)
  A moth of wrath simulacrum (Zot:3)
  2 orc priests (Vaults:5)
  An orc (Vaults:5)
  A briar patch (Swamp:4)
  A bush (Lair:2)
  2 foxfires (Swamp:4)
  35 fungi
  33 plants
  56 starspawn tentacles
  3 withered plants (D:15)
230 creatures vanquished.

Grand Total: 2269 creatures vanquished

Notes
Turn   | Place    | Note
-------+----------+-------------------------------------------
     0 | Abyss:1  | quakins the Formicid Abyssal Knight began the quest for the
                  | Orb.
     0 | Abyss:1  | Reached XP level 1. HP: 18/18 MP: 2/2
     1 | D:1      | Escaped the Abyss
    49 | D:1      | Reached XP level 2. HP: 12/24 MP: 3/3
   713 | D:1      | Reached XP level 3. HP: 29/29 MP: 4/4
   998 | D:2      | Noticed an ogre
  1000 | D:2      | Identified a scroll of acquirement
  1018 | D:1      | Acquired the +3 tower shield of Weirdness {Regen+}
  1188 | D:2      | Reached *** piety under Lugonu
  1364 | D:2      | Found a faded altar of an unknown god.
  1368 | D:2      | Reached XP level 4. HP: 30/35 MP: 5/5
  2190 | D:3      | Reached XP level 5. HP: 41/41 MP: 6/6
  2191 | D:3      | Noticed Grinder
  2262 | D:4      | Noticed a black bear
  2271 | D:4      | Killed a black bear
  2272 | D:4      | Reached skill level 5 in Maces & Flails
  2272 | D:4      | Reached XP level 6. HP: 47/47 MP: 7/7
  2424 | D:4      | Found a runed translucent gate.
  2424 | D:4      | Noticed TheGhostDragon952's ghost (amateur MiBe)
  2467 | D:4      | Noticed Edmund
  2470 | D:4      | Noticed Dowan
  2471 | D:4      | Noticed Duvessa
  2541 | D:2      | Killed an ogre
  2541 | D:2      | Reached **** piety under Lugonu
  2837 | D:3      | Killed Grinder
  2838 | D:3      | Reached XP level 7. HP: 19/52 MP: 8/8
  2986 | D:4      | Noticed Pikel
  3047 | D:4      | Killed Pikel
  3048 | D:4      | Reached XP level 8. HP: 44/58 MP: 9/9
  3193 | D:4      | Found a runed translucent gate.
  3195 | D:4      | Found a runed translucent gate.
  3403 | D:4      | Killed Edmund
  3404 | D:4      | Reached skill level 10 in Maces & Flails
  3604 | D:4      | Found a sparkling altar of Nemelex Xobeh.
  3604 | D:4      | Found a radiant altar of Vehumet.
  3616 | D:4      | Found a sacrificial altar of Ru.
  3618 | D:4      | Found a hide-covered altar of Uskayaw.
  3619 | D:4      | Found a hazy altar of Hepliaklqana.
  3849 | D:4      | Killed Duvessa
  3852 | D:4      | Killed Dowan
  3853 | D:4      | Reached skill level 5 in Fighting
  4023 | D:5      | Entered Level 5 of the Dungeon
  4105 | D:5      | Reached XP level 9. HP: 68/68 MP: 10/10
  4156 | D:5      | Found a staircase to the Ecumenical Temple.
  4522 | D:5      | Found a stormy altar of Qazlal.
  4733 | D:5      | Noticed Eustachio
  4762 | D:5      | Killed Eustachio
  4789 | D:5      | Reached ***** piety under Lugonu
  5067 | D:6      | Noticed Prince Ribbit
  5083 | D:6      | Killed Prince Ribbit
  5145 | D:6      | Reached skill level 10 in Fighting
  5145 | D:6      | Reached XP level 10. HP: 81/85 MP: 11/11
  5211 | D:6      | Noticed Blork the orc
  5220 | D:6      | Killed Blork the orc
  5268 | D:6      | Found a basalt altar of Yredelemnul.
  5379 | D:6      | Found a runed translucent door.
  5380 | D:6      | Noticed Crazy Yiuf
  5386 | D:6      | Killed Crazy Yiuf
  5734 | D:7      | Found an opulent altar of Gozag.
  6172 | D:7      | Found a glowing golden altar of the Shining One.
  6281 | D:7      | Noticed a manticore
  6306 | D:7      | HP: 4/89 [manticore (7)]
  6308 | D:7      | Killed a manticore
  6309 | D:7      | Reached skill level 5 in Armour
  6666 | D:8      | Noticed Grum
  6694 | D:8      | You fall into a shaft and drop 2 floors!
  6694 | D:10     | Entered Level 10 of the Dungeon
  6950 | D:10     | Noticed a kobold demonologist
  6966 | D:10     | Killed a kobold demonologist
  7031 | D:8      | Reached XP level 11. HP: 93/95 MP: 12/12
  7130 | D:8      | Found a flagged portal.
  7146 | Bailey   | Entered a bailey
  7374 | Bailey   | Reached ****** piety under Lugonu
  7549 | Bailey   | Noticed an orc knight
  7574 | Bailey   | Killed an orc knight
  7605 | Bailey   | Reached XP level 12. HP: 102/102 MP: 12/17
  7743 | D:8      | Killed Grum
  8042 | D:8      | Reached skill level 10 in Armour
  8176 | D:8      | Noticed a tengu warrior
  8186 | D:8      | Banished a tengu warrior
  8697 | D:9      | Found Erullotiqo's Armour Shop.
  9600 | D:10     | Found an ancient bone altar of Kikubaaqudgha.
  9884 | D:11     | Identified the +0 leather armour of Lies {Rampage Int+2}
 10047 | D:11     | Found a staircase to the Lair.
 10215 | D:11     | Noticed a two-headed ogre
 10221 | D:11     | Banished a two-headed ogre
 10555 | D:11     | Found a staircase to the Orcish Mines.
 10745 | Lair:1   | Entered Level 1 of the Lair of Beasts
 10839 | Lair:1   | Reached XP level 13. HP: 93/111 MP: 18/18
 10982 | Lair:1   | Acquired the +0 pair of gloves of Delightful Surprise
                  | {Will+}
 11656 | Lair:2   | Noticed a six-headed hydra
 11657 | Lair:2   | Noticed an eight-headed hydra
 11667 | Lair:2   | Killed a six-headed hydra
 11727 | Lair:1   | Killed an eight-headed hydra
 11996 | Lair:2   | Reached skill level 15 in Fighting
 12073 | Lair:2   | Identified the +4 ring mail "Mute" {Harm rElec rC- rCorr}
 12549 | Lair:2   | Reached skill level 10 in Invocations
 12549 | Lair:2   | Reached XP level 14. HP: 70/125 MP: 21/21
 12629 | Lair:2   | Found a hole to the Spider Nest.
 12745 | Lair:2   | Identified the +4 rapier "Conservator" {freeze, Fragile
                  | +Blink Will+}
 13076 | Lair:3   | Found a staircase to the Swamp.
 13837 | Lair:4   | Found a viscous altar of Jiyva.
 13844 | Lair:4   | Found a staircase to the Slime Pits.
 14736 | Lair:5   | Entered Level 5 of the Lair of Beasts
 15444 | Lair:4   | Identified a +9 dire flail of distortion (a +7 dire flail
                  | corrupted by Lugonu)
 15444 | Lair:4   | Received a gift from Lugonu
 15588 | Lair:5   | Noticed Snorg
 15595 | Lair:4   | Reached skill level 15 in Armour
 15623 | Lair:4   | Corrupted Lair:4
 15623 | Lair:4   | Noticed a tentacled starspawn
 15623 | Lair:4   | Noticed a deep elf elementalist
 15623 | Lair:4   | Noticed a starcursed mass
 15623 | Lair:4   | Noticed a tentacled starspawn
 15629 | Lair:4   | Noticed a tentacled starspawn
 15630 | Lair:4   | Killed Snorg
 15663 | Lair:4   | Noticed a tentacled starspawn
 15765 | Lair:4   | Reached XP level 15. HP: 105/131 MP: 22/22
 15872 | Lair:5   | Identified the +0 cloak of the Reasonable God {rPois}
 16293 | Lair:5   | Got the Grimoire of Blows and Bruises
 17220 | D:9      | Bought the +2 shield of Resistance {rF++ rC++ Will++} for
                  | 916 gold pieces
 17220 | D:9      | Found the +2 shield of Resistance {rF++ rC++ Will++}
 17419 | D:12     | Noticed Nergalle
 17428 | D:12     | Killed Nergalle
 17472 | D:12     | Reached skill level 10 in Shields
 17582 | D:12     | Reached skill level 1 in Evocations
 17934 | D:12     | Noticed Fannar
 17939 | D:12     | Banished Fannar
 18055 | D:12     | Reached skill level 5 in Evocations
 18706 | D:13     | Reached XP level 16. HP: 130/138 MP: 23/23
 19187 | D:14     | Found a gate to the Vaults.
 19711 | D:14     | Identified the +9 broad axe of False Hope {freeze, rN+
                  | Int+4 Dex-5}
 19817 | D:15     | Entered Level 15 of the Dungeon
 19833 | D:15     | Reached skill level 10 in Evocations
 19905 | D:15     | Identified the +4 shortbow "Daclatas" {flame, rCorr MP-9
                  | Int+3 Stlth+}
 20770 | D:15     | Found a staircase to the Depths.
 20818 | D:15     | Identified the +3 leather armour "Qufov" {Int+4}
 21643 | Orc:1    | Entered Level 1 of the Orcish Mines
 21883 | Orc:2    | Entered Level 2 of the Orcish Mines
 22350 | Orc:1    | Reached XP level 17. HP: 119/151 MP: 24/24
 22624 | Orc:2    | Found Metaot's Magic Scroll Emporium.
 22625 | Orc:2    | Found Ebuf's Jewellery Boutique.
 22630 | Orc:2    | Found Illicuv's Antique Weapon Boutique.
 22634 | Orc:2    | Found Nucvex's General Store.
 22738 | Orc:2    | Bought a scroll of identify for 30 gold pieces
 22738 | Orc:2    | Bought a scroll of identify for 30 gold pieces
 22787 | Orc:2    | Found a staircase to the Elven Halls.
 23019 | Orc:1    | Found Jioteow's General Store.
 23168 | Orc:1    | Bought 2 datura-tipped darts for 11 gold pieces
 23168 | Orc:1    | Bought a scroll of identify for 28 gold pieces
 23192 | Orc:2    | Bought 6 atropa-tipped darts for 54 gold pieces
 23192 | Orc:2    | Bought a scroll of magic mapping for 112 gold pieces
 23192 | Orc:2    | Bought a scroll of butterflies for 60 gold pieces
 23198 | Orc:2    | Bought a scroll of enchant weapon for 112 gold pieces
 23198 | Orc:2    | Bought a scroll of fear for 60 gold pieces
 23377 | Swamp:1  | Entered Level 1 of the Swamp
 23377 | Swamp:1  | Noticed a thorn hunter
 23717 | Lair:3   | Banished a thorn hunter
 24667 | Swamp:2  | Noticed Aizul
 24673 | Swamp:2  | Killed Aizul
 24839 | Swamp:2  | Noticed a tentacled monstrosity
 25067 | Swamp:2  | Killed a tentacled monstrosity
 25205 | Swamp:3  | Corrupted Swamp:3
 25205 | Swamp:3  | Noticed a tentacled starspawn
 25205 | Swamp:3  | Noticed a bone dragon
 25769 | Swamp:3  | Reached XP level 18. HP: 111/160 MP: 27/27
 26027 | Swamp:4  | Entered Level 4 of the Swamp
 27206 | Swamp:4  | Got a decaying rune of Zot
 27495 | Spider:1 | Entered Level 1 of the Spider Nest
 27495 | Spider:1 | Noticed Louise
 27506 | Spider:1 | Killed Louise
 28607 | Spider:2 | Identified the +2 leather armour of Zabyubim {-Tele Drain
                  | rPois Regen+}
 28898 | Spider:2 | Noticed Kirke
 28923 | Spider:2 | Killed Kirke
 29645 | Spider:3 | Noticed Arachne
 29654 | Spider:3 | Banished Arachne
 29655 | Spider:3 | Reached XP level 19. HP: 169/169 MP: 28/28
 30052 | Spider:3 | Corrupted Spider:3
 30074 | Spider:3 | Noticed an ancient lich
 30689 | Spider:4 | Entered Level 4 of the Spider Nest
 30706 | Spider:4 | Noticed Donald
 30722 | Spider:4 | Killed Donald
 30775 | Spider:4 | Identified the +9 plate armour of the Shining Light {MP+9
                  | Int+3 SInv}
 31055 | Spider:4 | Noticed Asterion
 31096 | Spider:3 | Killed Asterion
 31882 | Spider:4 | Noticed Nikola
 31901 | Spider:4 | Corrupted Spider:4
 31943 | Spider:4 | Killed Nikola
 32367 | Spider:4 | Got a gossamer rune of Zot
 32648 | Vaults:1 | Entered Level 1 of the Vaults
 32968 | Vaults:1 | Reached XP level 20. HP: 185/185 MP: 29/29
 34392 | Vaults:1 | Found Ixzuheitzo's Armour Shoppe.
 36094 | Vaults:3 | Reached XP level 21. HP: 195/195 MP: 30/30
 36138 | Vaults:3 | Reached skill level 15 in Shields
 37278 | Vaults:3 | Found a staircase to the Crypt.
 40418 | Vaults:4 | Reached XP level 22. HP: 165/202 MP: 31/31
 40557 | Vaults:4 | Reached skill level 15 in Evocations
 42265 | Depths:1 | Entered Level 1 of the Depths
 43089 | Depths:1 | Found a shimmering altar of Xom.
 43778 | Depths:1 | Found a gateway to Hell.
 44818 | Depths:2 | Found a one-way gateway to a ziggurat.
 44850 | Depths:2 | Acquired a manual of Invocations
 44862 | Depths:2 | Found a one-way gate leading to the halls of Pandemonium.
 45646 | Depths:2 | Found a portal to a secret trove of treasure.
 45750 | Depths:3 | Found an ancient bone altar of Kikubaaqudgha.
 45806 | Depths:3 | Found a one-way gate to the infinite horrors of the Abyss.
 45902 | Depths:3 | Found a flickering gateway to a bazaar.
 45911 | Bazaar   | Entered a bazaar
 46150 | Bazaar   | Found Ilorphibb's Distillery.
 46158 | Bazaar   | Found Gaick's Book Boutique.
 46169 | Bazaar   | Found Zoety's Antique Weapon Emporium.
 46180 | Bazaar   | Found Tuleum's General Store.
 46188 | Bazaar   | Found Niupeg's Antique Armour Shop.
 46218 | Bazaar   | Bought a potion of curing for 48 gold pieces
 46218 | Bazaar   | Bought a potion of brilliance for 64 gold pieces
 46218 | Bazaar   | Bought a potion of curing for 48 gold pieces
 46218 | Bazaar   | Bought a potion of heal wounds for 80 gold pieces
 46218 | Bazaar   | Bought a potion of might for 64 gold pieces
 46218 | Bazaar   | Bought 2 potions of ambrosia for 256 gold pieces
 46248 | Bazaar   | Bought a scroll of enchant weapon for 60 gold pieces
 46248 | Bazaar   | Bought a wand of mindburst (6) for 67 gold pieces
 46474 | Depths:3 | Reached XP level 23. HP: 168/209 MP: 32/32
 46694 | Depths:3 | Gained mutation: Armour fits poorly on your strangely
                  | shaped body. [a neqoxec]
 46901 | Depths:2 | Lost mutation: Armour fits poorly on your strangely shaped
                  | body. [potion of mutation]
 46901 | Depths:2 | Gained mutation: Your mind is acute. (Int +4, Str/Dex -1)
                  | [potion of mutation]
 46901 | Depths:2 | Gained mutation: You do not regenerate when monsters are
                  | visible. [potion of mutation]
 46902 | Depths:2 | Lost mutation: Your mind is acute. (Int +4, Str/Dex -1)
                  | [potion of mutation]
 46902 | Depths:2 | Lost mutation: You do not regenerate when monsters are
                  | visible. [potion of mutation]
 46902 | Depths:2 | Gained mutation: Your magical capacity is low. (-10% MP)
                  | [potion of mutation]
 46902 | Depths:2 | Gained mutation: You expend magic power (3 MP) to
                  | strengthen your wands. [potion of mutation]
 47540 | Depths:3 | Identified the +6 acid dragon scales of Winter {rCorr
                  | Stlth+}
 47998 | Depths:2 | You paid a toll of a +8 demon whip to enter a treasure
                  | trove
 47999 | Trove    | Entered a treasure trove
 48023 | Trove    | Identified the ring of the Empty Page {rPois rC- rN+ Int+4
                  | Dex+6}
 48026 | Trove    | Identified the amulet "Pyir" {Spirit Str+3 Int+4}
 48056 | Trove    | Identified the amulet of Sis Dego {Regen+ Stlth+}
 48060 | Trove    | Identified the amulet of Rucas {RegenMP rF+ Dex+6}
 48357 | Depths:4 | Entered Level 4 of the Depths
 48904 | Depths:4 | Noticed a golden dragon
 48918 | Depths:4 | Killed a golden dragon
 49080 | Depths:4 | Found a gate to the Realm of Zot.
 49080 | Depths:4 | Noticed a golden dragon
 49290 | Depths:4 | Killed a golden dragon
 49421 | Depths:4 | Noticed Vv
 50214 | Depths:4 | Killed Vv
 50898 | Elf:1    | Entered Level 1 of the Elven Halls
 52167 | Elf:1    | Found Xootteh's General Store.
 52176 | Elf:1    | Bought a scroll of fear for 64 gold pieces
 52947 | Elf:2    | Reached XP level 24. HP: 197/211 MP: 28/29
 53373 | Elf:2    | Found a runed translucent gate.
 53374 | Elf:2    | Found a runed translucent gate.
 53375 | Elf:2    | Found a runed translucent gate.
 53774 | Elf:2    | Identified the +7 dagger of Muxkuemm {drain, rC++ rCorr}
 54101 | Elf:2    | Reached skill level 15 in Invocations
 54604 | Elf:3    | Entered Level 3 of the Elven Halls
 55780 | Orc:2    | Bought a ring of positive energy for 340 gold pieces
 56600 | Elf:3    | Corrupted Elf:3
 57106 | Elf:3    | Identified the amulet "Coebuf" {Acrobat rElec Int+4}
 57646 | Elf:3    | Identified the +1 buckler "Qotanu" {+Blink rN+ Str-2}
 57646 | Elf:3    | Identified the +3 hand axe of Uluegeleps {vorpal, rElec
                  | Will+ Str-3}
 57646 | Elf:3    | Identified the +2 buckler "Ribros" {rC+}
 57728 | Elf:3    | Identified the ring of Trepidation {rF++ Dex+6}
 57843 | Elf:3    | Identified the +7 shortbow of Cierchea {flame, rC+ Str+3}
 58698 | Vaults:3 | Reached skill level 1 in Dodging
 59132 | Vaults:5 | Entered Level 5 of the Vaults
 59148 | Vaults:5 | Noticed a dread lich
 59672 | Vaults:5 | Corrupted Vaults:5
 59677 | Vaults:5 | Banished a dread lich
 59678 | Vaults:5 | Reached skill level 5 in Dodging
 59724 | Vaults:5 | Reached XP level 25. HP: 128/223 MP: 33/33
 60597 | Vaults:5 | Identified the +7 mace of Righteous Fury {vamp, Fly Dex+3}
 60701 | Vaults:5 | Identified the +6 hand axe of the Assorted Scars {freeze,
                  | +Blink}
 60839 | Vaults:5 | Found the +2 hat of the Bear Spirit {Spirit, *Rage Will++}
 60874 | Vaults:5 | Identified the +7 short sword of the Present {vorpal, Drain
                  | rElec rN+ Int+4}
 61255 | Vaults:5 | Identified the +1 whip of Lasuih Tin {vorpal, rF+ Will+}
 61693 | Vaults:5 | Found Zisuuredd's Assorted Antiques.
 61863 | Vaults:5 | Got a silver rune of Zot
 61882 | Vaults:5 | Reached skill level 10 in Dodging
 61882 | Vaults:5 | Reached skill level 1 in Throwing
 62453 | Vaults:5 | Reached skill level 5 in Throwing
 63058 | Slime:1  | Entered Level 1 of the Pits of Slime
 63235 | Slime:1  | Gained mutation: You occasionally lose the ability to read
                  | scrolls when taking damage. [a shining eye]
 63236 | Slime:1  | Gained mutation: You occasionally shout uncontrollably at
                  | your foes. [a shining eye]
 63243 | Slime:1  | Gained mutation: You are frail. (-10% HP) [a shining eye]
 63247 | Slime:1  | Gained mutation: Armour fits poorly on your strangely
                  | shaped body. [a shining eye]
 63331 | Slime:1  | Gained mutation: You are weak. (Str -2) [a shining eye]
 63332 | Slime:1  | Gained mutation: You have hidden genetic defects. [a
                  | shining eye]
 63334 | Slime:1  | Gained mutation: You occasionally lose the ability to drink
                  | potions when taking damage. [a shining eye]
 63680 | Lair:4   | Lost mutation: You have hidden genetic defects. [potion of
                  | mutation]
 63680 | Lair:4   | Lost mutation: You are frail. (-10% HP) [potion of
                  | mutation]
 63680 | Lair:4   | Lost mutation: You expend magic power (3 MP) to strengthen
                  | your wands. [potion of mutation]
 63680 | Lair:4   | Lost mutation: You are weak. (Str -2) [potion of mutation]
 63680 | Lair:4   | Gained mutation: You are agile. (Dex +4, Str/Int -1)
                  | [potion of mutation]
 63681 | Lair:4   | Lost mutation: You occasionally lose the ability to drink
                  | potions when taking damage. [potion of mutation]
 63681 | Lair:4   | Lost mutation: Your magical capacity is low. (-10% MP)
                  | [potion of mutation]
 63681 | Lair:4   | Gained mutation: You are strong-willed. (Will+) [potion of
                  | mutation]
 63682 | Lair:4   | Lost mutation: Armour fits poorly on your strangely shaped
                  | body. [potion of mutation]
 63682 | Lair:4   | Lost mutation: You are strong-willed. (Will+) [potion of
                  | mutation]
 63682 | Lair:4   | Lost mutation: You are agile. (Dex +4, Str/Int -1) [potion
                  | of mutation]
 63682 | Lair:4   | Gained mutation: You have sharp fingernails. [potion of
                  | mutation]
 63682 | Lair:4   | Gained mutation: Your skin changes colour to match your
                  | surroundings (Stealth+). [potion of mutation]
 64149 | Slime:2  | Gained mutation: You sometimes lose the ability to read
                  | scrolls when taking damage. [a shining eye]
 64368 | Slime:2  | Reached skill level 10 in Throwing
 65317 | Slime:3  | Noticed Dissolution
 65320 | Slime:3  | Banished Dissolution
 66029 | Slime:4  | Reached XP level 26. HP: 233/233 MP: 37/37
 66105 | Slime:4  | Gained mutation: Your body sometimes deteriorates upon
                  | taking damage. [a shining eye]
 66451 | Slime:5  | Entered Level 5 of the Pits of Slime
 66920 | Slime:5  | Gained mutation: You have hidden genetic potential. [a
                  | shining eye]
 66930 | Slime:5  | Gained mutation: You are clumsy. (Dex -2) [a shining eye]
 67130 | Slime:5  | Gained mutation: You are dopey. (Int -2) [a shining eye]
 67161 | Slime:5  | Noticed the Royal Jelly
 67168 | Slime:5  | Killed the Royal Jelly
 67531 | Slime:4  | You fall into a shaft and drop 1 floor!
 68734 | Slime:5  | Found the +2 hood of the Assassin {Detection Stab+ Stlth++}
 68735 | Slime:5  | Found the ring of the Tortoise {AC+8}
 68746 | Slime:5  | Got a slimy rune of Zot
 68761 | Slime:5  | Identified the +7 tower shield "Bosmyr" {rF- rN+ MP+9
                  | Int+3}
 68812 | Slime:5  | Identified the +4 short sword of Yxtaem {chaos, *Noise
                  | rC+++ Str+4 Dex+4}
 68845 | Slime:5  | Identified the ring "Bedeat" {Contam rElec rN+++ Str+6
                  | Dex+3}
 69805 | D:4      | Killed TheGhostDragon952's ghost
 70101 | Depths:3 | Voluntarily entered the Abyss.
 70201 | Depths:3 | Escaped the Abyss
 70471 | Depths:3 | Voluntarily entered the Abyss.
 70521 | Abyss:1  | Banished Arachne
 70559 | Abyss:1  | Gained mutation: Armour fits poorly on your strangely
                  | shaped body. [a neqoxec]
 70614 | Abyss:1  | Noticed an ancient lich
 70622 | Abyss:1  | Killed an ancient lich
 70624 | Depths:3 | Escaped the Abyss
 71009 | Depths:3 | Voluntarily entered the Abyss.
 71132 | Abyss:3  | Banished Dissolution
 71302 | Depths:3 | Escaped the Abyss
 71804 | Depths:3 | Voluntarily entered the Abyss.
 71809 | Abyss:4  | Noticed a dread lich
 71823 | Abyss:4  | Killed a dread lich
 71852 | Abyss:4  | Noticed a dread lich
 71863 | Abyss:4  | Killed a dread lich
 71877 | Abyss:4  | Reached skill level 27 in Fighting
 71878 | Abyss:4  | Got an abyssal rune of Zot
 71883 | Depths:3 | Escaped the Abyss
 71999 | Depths:3 | Lost mutation: Armour fits poorly on your strangely shaped
                  | body. [potion of mutation]
 71999 | Depths:3 | Lost mutation: You are dopey. (Int -2) [potion of mutation]
 71999 | Depths:3 | Gained mutation: You are weak. (Str -2) [potion of
                  | mutation]
 71999 | Depths:3 | Lost mutation: You sometimes lose the ability to read
                  | scrolls when taking damage. [potion of mutation]
 71999 | Depths:3 | Gained mutation: You have great hidden genetic potential.
                  | [potion of mutation]
 71999 | Depths:3 | Gained mutation: You expend magic power (3 MP) to
                  | strengthen your wands. [potion of mutation]
 72053 | Zot:1    | Entered Level 1 of the Realm of Zot
 72225 | Zot:1    | Identified the +1 chain mail "Qausussi" {rF+ rC- rN+ Will+
                  | Int+4}
 73380 | Zot:1    | Reached XP level 27. HP: 195/249 MP: 37/37
 74672 | Zot:1    | Lost mutation: You are clumsy. (Dex -2) [hidden potential]
 75599 | Zot:2    | Noticed an orb of fire
 75600 | Zot:2    | Lost mutation: You have great hidden genetic potential. [an
                  | orb of fire]
 75610 | Zot:2    | Gained mutation: Your magical capacity is low. (-10% MP)
                  | [an orb of fire]
 75612 | Zot:2    | Banished an orb of fire
 75743 | Zot:2    | Corrupted Zot:2
 75812 | Zot:2    | Noticed a dread lich
 76169 | Zot:3    | Noticed an ancient lich
 76629 | Zot:2    | Killed an ancient lich
 76962 | Zot:3    | Identified the ring of Omihye {Ice Fly rElec SInv}
 76962 | Zot:3    | Noticed Josephina
 76975 | Zot:3    | Killed Josephina
 77772 | Zot:3    | Reached skill level 27 in Armour
 78053 | Zot:3    | You fall into a shaft and drop 1 floor!
 78583 | Zot:3    | Noticed Parghit
 78595 | Zot:3    | Killed Parghit
 79985 | Zot:4    | Got Efiwil Sapu's Grimoire of the Unholy Impact
 80372 | Zot:4    | Noticed a shard shrike
 80378 | Zot:4    | Noticed an orb of fire
 80394 | Zot:4    | Killed a shard shrike
 80401 | Zot:4    | Gained mutation: You are very weak. (Str -4) [an orb of
                  | fire]
 80420 | Zot:4    | Killed an orb of fire
 80475 | Zot:4    | Gained mutation: You passively map a small area around you.
                  | [hidden potential]
 80475 | Zot:4    | Lost mutation: You have hidden genetic potential. [hidden
                  | potential expressed]
 81461 | Zot:5    | Entered Level 5 of the Realm of Zot
 82663 | Zot:5    | Noticed an ancient lich
 82683 | Zot:5    | Killed an ancient lich
 83223 | Zot:5    | Noticed a Killer Klown
 83250 | Zot:5    | Killed a Killer Klown
 83735 | Zot:5    | Noticed an ancient lich
 83899 | Zot:5    | Banished an ancient lich
 83905 | Zot:5    | Noticed a dread lich
 84029 | Zot:5    | Killed a dread lich
 84153 | Zot:5    | Noticed an ancient lich
 84153 | Zot:5    | Noticed an orb of fire
 84154 | Zot:5    | Noticed a Killer Klown
 84154 | Zot:5    | Gained mutation: You are partially covered in iridescent
                  | scales. (AC +2) [an orb of fire]
 84172 | Zot:4    | Killed an ancient lich
 84187 | Zot:5    | Killed an orb of fire
 84220 | Zot:5    | Noticed an orb of fire
 84227 | Zot:5    | Gained mutation: You are frail. (-10% HP) [an orb of fire]
 84239 | Zot:5    | Killed an orb of fire
 84255 | Zot:5    | a Killer Klown changed into an acid blob
 84730 | Zot:5    | Noticed an orb of fire
 84740 | Zot:5    | Gained mutation: Armour fits poorly on your strangely
                  | shaped body. [an orb of fire]
 84740 | Zot:5    | Gained mutation: Your body often deteriorates upon taking
                  | damage. [an orb of fire]
 84972 | Zot:5    | Gained mutation: Your magical capacity is very low. (-20%
                  | MP) [an orb of fire]
 84974 | Zot:5    | Gained mutation: You are very frail. (-20% HP) [an orb of
                  | fire]
 84975 | Zot:5    | Banished an orb of fire
 85199 | Zot:5    | Noticed an orb of fire
 85211 | Zot:5    | Gained mutation: Your magical capacity is extremely low.
                  | (-30% MP) [an orb of fire]
 85238 | Zot:5    | Killed an orb of fire
 85546 | Zot:5    | Noticed an orb of fire
 85551 | Zot:5    | Gained mutation: You are dopey. (Int -2) [an orb of fire]
 85573 | Zot:5    | Gained mutation: You are extremely frail. (-30% HP) [an orb
                  | of fire]
 85590 | Zot:5    | Gained mutation: Your spells are a little easier to cast,
                  | but a little less powerful. [an orb of fire]
 85592 | Zot:5    | Killed an orb of fire
 86148 | Zot:5    | Noticed a Killer Klown
 86286 | Zot:5    | Banished a Killer Klown
 88835 | Zot:5    | Got the Orb of Zot
 88865 | Zot:5    | Noticed Wiucw the pandemonium lord
 88870 | Zot:5    | Noticed Demnia the pandemonium lord
 89403 | D:$      | Escaped with the Orb!

Illustrated notes

Levels and vault maps discovered:
D:1:      saegor_arrival_simple_d, layout_rooms
D:2:      layout_basic, shapermc_ecumenical_altar_mp_highgroup, minivault_4
D:3:      layout_rooms, serial_bayou_pond_a, uniq_grinder
D:4:      layout_loops_ring, chequers_temple_overflow_minitemple,
          gammafunk_ghost_split, uniq_edmund, uniq_duvessa, uniq_pikel
D:5:      layout_loops_ring, nicolae_qazlal_style_of_elements,
          minmay_temple_entry_arrows, minmay_pentangle, uniq_eustachio
D:6:      layout_rooms, mainiacjoe_overflow_boulevard, uniq_blork_the_orc,
          uniq_prince_ribbit1, uniq_crazy_yiuf_cottage
D:7:      layout_basic, nicolae_gozag_cash_rules_everything_around_me,
          nicolae_overflow_hidden_temple
D:8:      layout_gridville, enter_bailey_4, minmay_misc_feat_alley,
          minmay_misc_feat_tower, minmay_misc_feat_x, uniq_grum
D:9:      layout_cave_pools, serial_shops, nicolae_shop_hallway_stairs
D:10:     layout_roguey, mainiacjoe_overflow_alcove_4
D:11:     layout_cave_pods, lair_entry_dummy, orc_0_dummy,
          kennysheep_small_spiral
D:12:     minmay_inside_and_out, layout_basic, uniq_fannar, uniq_nergalle
D:13:     layout_small_grid, minmay_door_square, minmay_between
D:14:     layout_irregular_city, ximxim_vaults_locker_room, minmay_starry_boxes
D:15:     gammafunk_depths_entry_grave, layout_layer_cave, serial_park_fountain,
          minmay_the_grid_2x2 [minmay_the_grid_aliased_spiral,
          minmay_the_grid_rooms, minmay_the_grid_empty,
          minmay_the_grid_prize_inner_circle]
Lair:1:   layout_concentric_octagons, infiniplex_staircase_pool_2,
          grunt_megastairs_1, serial_bayou_shore_a
Lair:2:   regret_index_tunnel_blossom, layout_long_grid,
          nicolae_spider_entry_orb_guardian, gauntlet_entry_generic
Lair:3:   layout_chaotic_city, swamp_mist
Lair:4:   layout_misc_corridors, minmay_slime_entry_oklob_open,
          fungi_pond_lemuel
Lair:5:   grunt_lair_end_beastmaster, layout_cave_shapes, roderic_batcave,
          uniq_snorg
Swamp:1:  layout_basic_swamp, evilmike_swamp_ruin_rubble_2
Swamp:2:  layout_basic_swamp, evilmike_swamp_ruin_house_2, uniq_aizul
Swamp:3:  layout_basic_swamp, evilmike_swamp_ruin_house_5, swamp_pool1
Swamp:4:  swamp_icy, layout_basic_swamp
Spider:1: layout_cave_pods, nicolae_spider_nook, uniq_louise
Spider:2: layout_spider_delve, uniq_kirke
Spider:3: nicolae_spider_hall_of_the_moth_king, nicolae_spider_cling_halls,
          uniq_arachne
Spider:4: guppyfry_spider_rune, nicolae_spider_webs_and_nodes,
          nicolae_crawler_farm, uniq_nikola, uniq_asterion, uniq_donald
Slime:1:  layout_caves
Slime:2:  layout_caves, cheibrodos_slime_lost_civilization_4
Slime:3:  layout_caves, dissolution_awaits
Slime:4:  cheibrodos_slime_lost_civilization_9, layout_caves
Slime:5
Orc:1:    layout_diamond_mine, serial_shops, shop
Orc:2:    st_orc_open, layout_caves, mines4_lemuel
Elf:1:    layout_geoelf_diagonals, serial_shops, shop, hangedman_elf_represent,
          lemuel_flamethrower_hall
Elf:2:    elven_hall_of_blades_hangedman_original
          [nicolae_blade_entry_diamond_columns], layout_onion_city,
          grunt_megastairs_5
Elf:3:    elf_hall, layout_geoelf_diagonals
Vaults:1: vaults_standard_mumra_enter_the_diamond, ontoclasm_vaults_shuriken,
          v_pattern_3, nicolae_vaults_big_ls, v_misc_27,
          hangedman_vaults_corner, v_misc_23, hangedman_vaults_snaps,
          nicolae_vaults_little_squares_6, nicolae_vaults_little_squares_3,
          layout_vaults_omnicross, serial_shops, nicolae_diamond_shop
Vaults:2: portal_desolation_entry_nicolae_nacl, hangedman_vaults_nodes,
          nicolae_vaults_specimen_jars, st_spiral_rooms, v_misc_19,
          nicolae_vaults_network_barrier, nicolae_vaults_little_squares_6,
          vaults_room_corners, vaults_room_door_hall, ontoclasm_vaults_idyll,
          vaults_room_door_ring, vaults_dpeg_hooks, layout_vaults_ring
Vaults:3: lightli_enter_wizlab_magi_temple, grunt_vaults_diagonal,
          hangedman_vaults_impose, v_misc_4, grunt_vaults_focal,
          nicolae_vaults_little_squares_2, hangedman_vaults_stream,
          minmay_crypt_entry_simple_sparse, hangedman_vaults_impose,
          nicolae_vaults_ring_of_whatevers, layout_vaults_omnigrid
Vaults:4: nicolae_vaults_little_squares_5, ontoclasm_vaults_gateway,
          vaults_mumra_chevron_long, st_squares, nicolae_vaults_network_star,
          hangedman_vaults_variations, v_misc_22, grunt_vaults_hallway_long,
          v_misc_19, hangedman_vaults_slice, nicolae_vaults_shelves_hall,
          v_misc_12, layout_vaults_maze_snakey
Vaults:5
Depths:1: layout_gridlike, hangedman_coc_ice_floe, kennysheep_nondescript,
          xom_teletrap_fun, serial_bayou_shore_b
Depths:2: grunt_twist_and_shout, layout_cave_shapes, enter_ziggurat_b,
          rand_demon_pan_entry_1, hell_entry, enter_trove_6
Depths:3: minmay_haunted_quarter, layout_cave_shapes, hell_entry,
          grunt_pan_entry_zigzag, abyss_entry, kiku_gazebo_garden_becter,
          serial_shops, bzr_firewalk
Depths:4: grunt_x_marks_the_spot, layout_cross, grunt_hell_entry_dis_grunt,
          skrybe_limestone_x, uniq_vv
Zot:1:    kennysheep_blocky_room, layout_misc_corridors
Zot:2:    layout_misc_corridors
Zot:3:    ebering_greatest_show_in_zot, layout_cathedral_of_symmetry,
          uniq_josephina, uniq_parghit
Zot:4:    layout_gridville, st_stairs_9, hangedman_elemental_grid_stream,
          grunt_megastairs_4
Zot:5:    layout_twisted_circle

Skill      XL: |  1  2  3  4  5  6  7  8  9 10 11 12 13 14 15 16 17 18 19 20 21 22 23 24 25 26 27 |
---------------+----------------------------------------------------------------------------------+-----
Maces & Flails | 3 4 5 7 9 10 11 12 14 | 14.0
Fighting       | 5 10 12 13 16 18 20 23 24 27 | 27.0
Armour         | 7 9 10 15 16 18 20 21 24 27 | 27.0
Shields        | 8 10 14 16 20 24 | 24.0
Invocations    | 7 10 12 20 23 | 23.9
Evocations     | 7 10 14 15 | 15.0
Dodging        | 5 10 | 10.0
Throwing       | 10 | 10.0

Action                   |  1- 3 |  4- 6 |  7- 9 | 10-12 | 13-15 | 16-18 | 19-21 | 22-24 | 25-27 || total
-------------------------+-------+-------+-------+-------+-------+-------+-------+-------+-------++-------
Melee: Mace              |    85 |   122 |   160 |   934 |       |       |       |       |       ||  1301
       Flail             |       |       |   264 |    40 |       |       |       |       |       ||   304
       Dire flail        |       |       |       |    22 |  1127 |  1349 |  1470 |  1655 |  2680 ||  8303
Throw: Stone             |       |       |     1 |     2 |     1 |       |       |       |       ||     4
       Dart              |       |       |       |     8 |     5 |     1 |       |     2 |       ||    16
Invok: Bend Space        |       |     2 |       |     1 |     6 |     9 |     1 |     2 |     1 ||    22
       Banish            |       |       |       |     2 |       |     1 |     1 |     2 |     1 ||     7
       Corrupt           |       |       |       |       |     1 |     1 |     2 |     2 |     1 ||     7
       Brand Weapon With |       |       |       |       |     1 |       |       |       |       ||     1
       Depart the Abyss  |       |       |       |       |       |       |       |       |     3 ||     3
 Abil: Shaft Self        |       |       |       |     1 |       |       |       |       |       ||     1
Evoke: Wand              |       |     6 |     1 |     7 |     6 |     1 |     4 |     6 |     1 ||    32
       Phial of floods   |       |       |       |       |       |     2 |     1 |     1 |     2 ||     6
       Box of beasts     |       |       |       |       |       |       |       |     1 |     4 ||     5
       Lightning rod     |       |       |       |       |       |       |       |       |     1 ||     1
       Phantom mirror    |       |       |       |       |       |       |       |       |     3 ||     3
  Use: Scroll            |     2 |       |       |     7 |    12 |    21 |     3 |     5 |     9 ||    59
       Potion            |     1 |       |     1 |     3 |     2 |     4 |     3 |     6 |    12 ||    32
 Stab: Paralysed         |       |       |       |     8 |       |       |     1 |       |       ||     9
       Petrified         |       |       |       |       |     2 |       |       |       |       ||     2
       Distracted        |       |       |       |       |       |       |       |       |     2 ||     2
Armor: Leather armour    |    19 |       |       |       |       |       |       |       |       ||    19
       Chain mail        |    16 |    40 |   206 |   690 |       |       |       |       |       ||   952
       Plate armour      |       |       |       |   214 |   963 |   838 |   834 |       |       ||  2849
       Crystal plate arm |       |       |       |       |       |       |   280 |   935 |  1342 ||  2557
Dodge: Dodged            |    35 |    15 |    46 |   278 |   280 |   278 |   408 |   334 |   754 ||  2428
Block: Buckler           |     2 |       |       |       |       |       |       |       |       ||     2
       Tower shield      |    37 |    98 |   346 |  1307 |  1295 |       |       |       |       ||  3083
       Kite shield       |       |       |       |       |    95 |   808 |  1336 |  1462 |  2432 ||  6133
       Reflection        |       |       |       |       |       |       |    31 |   105 |    80 ||   216
